 Dungeon Crawl Stone Soup version 0.20-a0-16-g0876c8e (webtiles) character file.

487 KristoblXynda the Chopper (level 6, -23/50 HPs)
             Began as a Minotaur Skald on Nov 4, 2016.
             Annihilated by an ogre
             ... wielding a +0 giant spiked club
              (25 damage)
             ... on level 4 of the Dungeon.
             The game lasted 00:07:10 (2377 turns).

KristoblXynda the Chopper (Minotaur Skald)          Turns: 2377, Time: 00:07:10

Health: -23/50     AC:  6    Str: 16    XL:     6   Next: 89%
Magic:  9/9        EV: 10    Int: 11    God:
Gold:   122        SH:  0    Dex: 10    Spells: 0 memorised, 10 levels left

rFire  + . .     SeeInvis +     a - +1 hand axe
rCold  + . .     Gourm    .     h - +1 ring mail
rNeg   . . .     Faith    .     (no shield)
rPois  +         Spirit   .     (helmet restricted)
rElec  +         Reflect  .     (no cloak)
rCorr  +         Harm     .     (no gloves)
MR     .....                    (no boots)
Stlth  ..........               (no amulet)
                                q - ring of poison resistance
                                p - ring of see invisible

@: lethally poisoned (-23 -> -24), resistant, flying
A: retaliatory headbutt, horns 2
a: no special abilities


You were on level 4 of the Dungeon.
You were hungry.

You visited 1 branch of the dungeon, and saw 4 of its levels.

You collected 122 gold pieces.

Inventory:

Hand Weapons
 a - a +1 hand axe (weapon)
 f - a +0 dire flail of protection
Armour
 h - a +1 ring mail (worn)
Jewellery
 p - a ring of see invisible (left hand)
 q - a ring of poison resistance (right hand)
Scrolls
 j - a scroll of identify
 l - a scroll of amnesia
 n - 2 scrolls of teleportation
Potions
 e - a potion of lignification
 o - a potion of cancellation
Books
 c - a book of Battle

   Spells                             Type                      Level
   a - Infusion                       Charms                       1
   b - Shroud of Golubria             Charms/Translocation         2
   c - Song of Slaying                Charms                       2
   d - Spectral Weapon                Hexes/Charms                 3
   e - Regeneration                   Charms/Necromancy            3
Comestibles
 d - a bread ration
 g - a meat ration


   Skills:
 - Level 2.4 Fighting
 * Level 6.7 Axes
 + Level 3.9 Armour
 - Level 1.1 Dodging
 + Level 2.8 Spellcasting
   Level 2.0 Charms


You had 10 spell levels left.
You didn't know any spells.

Dungeon Overview and Level Annotations

Branches:
Dungeon (4/15)
 Temple: D:4-7

Altars:
Kikubaaqudgha
Okawaru
Qazlal
The Shining One


Innate Abilities, Weirdness & Mutations

You reflexively headbutt those who attack you in melee.
You have a pair of horns on your head.


Message History

You slash the ogre!
The ogre is moderately wounded.
You feel sick.
The ogre hits you with a giant spiked club!!
Ouch! That really hurt!
* * * LOW HITPOINT WARNING * * *
You hit the ogre.
You headbutt the ogre, but do no damage.
The ogre is heavily wounded.
Found a stone staircase leading down.
It was a potion of resistance.
You feel protected.
* * * LOW HITPOINT WARNING * * *
You feel sick. The ogre closely misses you.
It was a potion of flight.
You feel very buoyant.
You fly up into the air.
The ogre hits you with a giant spiked club!!
Ouch! That really hurt!
You die...

##########
######.....!...
###..............
#..<..w..........
#w#.####.........
#.#.# ...#.#####
#O#.. ........
#@#............
#.##............
#..+............
#.##..... #.# #.#
#....%## #>.
........ ###
#....... #.......


You could see an ogre and a worm.

Vanquished Creatures
  Sigmund (D:4)
  Edmund (D:4)
  A worker ant (D:4)
  4 adders (D:3)
  3 gnolls (D:3)
  2 river rats (D:3)
  An ooze (D:1)
  An adder skeleton (D:4)
  2 worms (D:2)
  4 dart slugs
  3 leopard geckos
  3 ball pythons
  11 bats
  2 giant cockroaches
  7 hobgoblins
  A quokka (D:3)
  6 frilled lizards
  10 goblins
  11 kobolds
  13 rats
87 creatures vanquished.

Notes
Turn   | Place    | Note
-------+----------+-------------------------------------------
     0 | D:1      | KristoblXynda the Minotaur Skald began the quest for the Orb.
     0 | D:1      | Reached XP level 1. HP: 18/18 MP: 1/1
    93 | D:1      | Reached XP level 2. HP: 25/25 MP: 3/3
   103 | D:1      | Reached skill level 3 in Axes
   456 | D:2      | Reached XP level 3. HP: 30/30 MP: 4/4
   782 | D:2      | Found a stormy altar of Qazlal.
   788 | D:2      | Reached skill level 4 in Axes
   895 | D:2      | Reached XP level 4. HP: 37/37 MP: 5/5
  1339 | D:3      | Found an iron altar of Okawaru.
  1587 | D:3      | Found an ancient bone altar of Kikubaaqudgha.
  1731 | D:3      | Reached XP level 5. HP: 14/42 MP: 7/7
  1935 | D:3      | Reached skill level 5 in Axes
  2232 | D:4      | Noticed Sigmund
  2236 | D:4      | Noticed Edmund
  2256 | D:4      | Killed Sigmund
  2256 | D:4      | Reached skill level 6 in Axes
  2256 | D:4      | Reached XP level 6. HP: 43/50 MP: 8/8
  2281 | D:4      | Killed Edmund
  2331 | D:4      | Found a glowing golden altar of the Shining One.
  2376 | D:4      | HP: 2/50 [poisoned by a worker ant]
  2377 | D:4      | Annihilated by an ogre

Vault maps used:
D:1:      dpeg_arrival_pond
D:2:      lemuel_crystal_altar, serial_forest, infiniplex_forest_corner_1,
          infiniplex_forest_corner_1, infiniplex_forest_end_3,
          infiniplex_forest_straight_2, infiniplex_forest_clump_diagonal,
          infiniplex_forest_straight_2, infiniplex_forest_clump_diagonal,
          infiniplex_forest_clump_medium
D:3:      marbit_many_paths, kennysheep_okawaru_gauntlet, portal_sewer_entry_b,
          kennysheep_generic_room_5
D:4:      nicolae_tso_carved_into_rock, kennysheep_little_box,
          fedhas_bush_and_centaur_altar, first_bread,
          kennysheep_generic_room_14, uniq_edmund, uniq_sigmund

Skill      XL: |  1  2  3  4  5 |
---------------+----------------+-----
Axes           | 3 4 6 |  6.7
Armour         | 2 3 |  3.9
Spellcasting   | 2 |  2.8
Fighting       | |  2.4
Dodging        | |  1.1
Charms         | |  2.0

Action                   |  1- 3 |  4- 6 || total
-------------------------+-------+-------++-------
Melee: Hand axe          |    88 |   142 ||   230
       Headbutt          |     8 |    10 ||    18
       Halberd           |       |    24 ||    24
  Use: Scroll            |       |     7 ||     7
       Potion            |       |     4 ||     4
  Eat: Chunk             |       |     3 ||     3
       Beef jerky        |       |     1 ||     1
Armor: Leather armour    |    10 |       ||    10
       Ring mail         |    31 |    42 ||    73
       Skin              |       |    34 ||    34
Dodge: Dodged            |    68 |    74 ||   142
